 Dungeon Crawl Stone Soup version 0.31.0-11-ge490571c62 (webtiles) character file.

Game seed: 15833755908382989531

87 dialectric the Covered (level 4, -4/29 HPs)
             Began as a Gargoyle Fighter on Jan 27, 2024.
             Incinerated by a bombardier beetle (7 damage)
             ... with a burning spray
             ... on level 3 of the Dungeon.
             The game lasted 00:01:38 (1405 turns).

dialectric the Covered (Gargoyle Fighter)           Turns: 1405, Time: 00:01:39

Health: -4/29      AC: 14    Str: 22    XL:     4   Next: 51%
Magic:  4/4        EV:  9    Int:  8    God:
Gold:   155        SH:  0    Dex:  9    Spells: 3/3 levels left

rFire   . . .        a - +0 flail
rCold   . . .        (no shield)
rNeg    + . .        b - +0 scale mail
rPois   ∞            (no helmet)
rElec   +            (no cloak)
rCorr   .            (no gloves)
SInv    .            (no boots)
Will    .....        (no amulet) Stlth
                     h - +4 ring of protection
HPRegen 0.24/turn    (no ring)
MPRegen 0.09/turn

%: no passive effects
@: on fire, glowing
A: sickness immunity, AC +3, negative energy resistance 1, electricity
resistance, torment resistance 1, petrification resistance
a: no special abilities


You were on level 3 of the Dungeon.
You visited 1 branch of the dungeon, and saw 3 of its levels.

You collected 155 gold pieces.

Inventory:

Hand Weapons
 a - a +0 flail (weapon)
Missiles
 g - 4 poisoned darts (quivered)
Armour
 b - a +0 scale mail (worn)
 c - a +0 buckler
 l - a +0 plate armour
Jewellery
 h - a +4 ring of protection (left hand)
Scrolls
 k - a scroll of enchant weapon {unknown}
Potions
 d - 2 potions of might
 e - a potion of attraction {unknown}
 f - a potion of berserk rage {unknown}
 i - a potion of curing {unknown}
 j - a potion of brilliance {unknown}


   Skills:
 - Level 4.1 Fighting
 + Level 3.2 Maces & Flails
 + Level 4.1 Armour
 * Level 0.2 Dodging
 - Level 3.2 Shields


You had 3 spell levels left.
You didn't know any spells.
Your spell library was empty.

Dungeon Overview and Level Annotations

Branches:
Dungeon (3/15)

Altars:


Innate Abilities, Weirdness & Mutations

You are immune to sickness and miasma.
Your stone body is resilient. (AC +3)
You are immune to poison.
You resist negative energy. (rN+)
You are resistant to electric shocks. (rElec)
You are resistant to unholy torment.
You are immune to petrification.


Message History

The liquid fire burns you!
The bombardier beetle barely misses you.
You closely miss the bombardier beetle.
The bombardier beetle is moderately wounded.
The liquid fire burns you!
The bombardier beetle bites you but does no damage.
You closely miss the bombardier beetle.
The bombardier beetle is moderately wounded.
The liquid fire burns you!
You hit the bombardier beetle.
The bombardier beetle is moderately wounded.
The liquid fire burns you!
The bombardier beetle barely misses you.
You are too injured to fight recklessly!
You are too injured to fight recklessly!
You are too injured to fight recklessly!
You are too injured to fight recklessly!
Unknown command.
You hit the bombardier beetle.
The bombardier beetle is heavily wounded.
The liquid fire burns you!
* * * LOW HITPOINT WARNING * * *
The bombardier beetle misses you.
You hit the bombardier beetle.
The bombardier beetle is almost dead.
The liquid fire burns you!
* * * LOW HITPOINT WARNING * * *
The bombardier beetle closely misses you.
Unknown command.
You hit the bombardier beetle.
The bombardier beetle is almost dead.
The liquid fire burns you!
* * * LOW HITPOINT WARNING * * *
The bombardier beetle bites you but does no damage.
Unknown command.
Unknown command.
You thump the bombardier beetle!
You kill the bombardier beetle!
The liquid fire burns you!
You die...

#.....##
#......#
#......#
#......#
#.....####
####
###.#..... ...
#.######
#.##########.#
#[@..........#
##############


There were no monsters in sight!

Vanquished Creatures
  A bombardier beetle (D:3)
  4 adders
  A ribbon worm (D:3)
  2 dart slugs (D:2)
  2 bats
  3 endoplasms
  3 giant cockroaches
  4 goblins
  6 hobgoblins
  4 kobolds
  A quokka (D:2)
  6 ball pythons
  4 rats
41 creatures vanquished.

Notes
Turn   | Place    | Note
-------+----------+-------------------------------------------
     0 | D:1      | dialectric the Gargoyle Fighter began the quest for the
                  | Orb.
     0 | D:1      | Reached XP level 1. HP: 14/14 MP: 1/1
   332 | D:1      | Reached XP level 2. HP: 14/19 MP: 2/2
   858 | D:2      | Reached XP level 3. HP: 24/24 MP: 3/3
  1066 | D:2      | Reached XP level 4. HP: 29/29 MP: 4/4
  1405 | D:3      | Incinerated by a bombardier beetle

Illustrated notes

Levels and vault maps discovered:
D:1:      dpeg_arrival_lava_altar, layout_loops_ring, serial_aquarium,
          aquarium_bridge_square [aquarium_subvault_window,
          aquarium_subvault_bridge, aquarium_subvault_bridge,
          aquarium_subvault_wall], aquarium_bridge_square
          [aquarium_subvault_bridge, aquarium_subvault_window,
          aquarium_subvault_balcony, aquarium_subvault_bridge],
          aquarium_window_2, aquarium_window_1, aquarium_view_2d,
          aquarium_view_2f, aquarium_balcony_1b, aquarium_pool_five
D:2:      layout_rooms
D:3:      layout_loops_ring

Skill      XL: |  1  2  3  4 |
---------------+-------------+-----
Armour         | 4 |  4.1
Maces & Flails | 3 |  3.2
Fighting       | 4 |  4.1
Dodging        | |  0.2
Shields        | |  3.2

Action                     |  1- 3 |  4- 6 || total
---------------------------+-------+-------++-------
  Melee: Flail             |   110 |    49 ||   159
 Armour: Scale mail        |    88 |    29 ||   117
  Dodge: Dodged            |    50 |    26 ||    76
